 Dungeon Crawl Stone Soup version 0.30-a0-748-ge6a52f7cba (webtiles) character file.

Game seed: 4942609285831139971

445 GuildmasterMusic the Chopper (level 6, 0/56 HPs)
             Began as a Minotaur Fighter on Feb 8, 2023.
             Succumbed to a water moccasin's poison
             ... on level 5 of the Dungeon.
             The game lasted 00:06:55 (3178 turns).

GuildmasterMusic the Chopper (Minotaur Fighter)     Turns: 3178, Time: 00:06:56

Health: 0/56       AC: 12    Str: 23    XL:     6   Next: 72%
Magic:  5/5        EV:  7    Int:  5    God:
Gold:   169        SH:  4    Dex:  9    Spells: 5/5 levels left

rFire   . . .      SeeInvis .    a - +0 war axe
rCold   . . .      Faith    .    c - +0 buckler
rNeg    . . .      Spirit   .    s - +0 chain mail
rPois   .          Reflect  .    (helmet restricted)
rElec   .          Harm     .    m - +0 cloak
rCorr   .          Rampage  .    n - +0 pair of gloves
Will    .....                    (no boots) Stlth
                                 (no amulet)
HPRegen 0.29/turn                (no ring)
MPRegen 0.09/turn                (no ring)

@: mighty, lethally poisoned (0 -> -28)
A: horns 2, retaliatory headbutt
a: no special abilities


You were on level 5 of the Dungeon.
You visited 1 branch of the dungeon, and saw 5 of its levels.

You collected 169 gold pieces.

Inventory:

Hand Weapons
 a - a +0 war axe (weapon)
Missiles
 q - 16 boomerangs (quivered)
 r - 2 silver boomerangs
 v - 11 javelins
Armour
 c - a +0 buckler (worn)
 m - a +0 cloak (worn)
 n - a +0 pair of gloves (worn)
 s - a +0 chain mail (worn)
Jewellery
 w - a ring of magical power
 y - an amulet of magic regeneration
Scrolls
 b - a scroll of fear {unknown}
 e - 3 scrolls of immolation {unknown}
 g - a scroll of noise {unknown}
 h - 2 scrolls of teleportation {unknown}
 j - a scroll of poison {unknown}
 k - a scroll of torment {unknown}
 o - 3 scrolls of identify {unknown}
 p - 2 scrolls of magic mapping {unknown}
 t - 3 scrolls of enchant weapon {unknown}
 x - a scroll of fog {unknown}
 z - 3 scrolls of blinking {unknown}
 A - a scroll of amnesia {unknown}
Potions
 d - a potion of might
 f - 2 potions of heal wounds {unknown}
 i - a potion of attraction {unknown}
 l - 4 potions of curing {unknown}
 u - a potion of berserk rage {unknown}
 B - a potion of invisibility {unknown}


   Skills:
 + Level 5.1 Fighting
 * Level 5.8 Axes
 + Level 5.2 Armour
 + Level 5.2 Shields


You had 5 spell levels left.
You didn't know any spells.
Your spell library contained the following spells:

 Spells                   Type           Power      Damage    Failure   Level
 Freeze                   Ice            0%         1d3       99%         1
 Ensorcelled Hibernation  Hex/Ice        0%         N/A       100%        2
 Frozen Ramparts          Ice            0%         1d1       100%        3
 Hailstorm                Conj/Ice       0%         3d3       100%        3
 Spider Form              Tmut/Pois      0%         N/A       100%        3
 Anguish                  Hex/Necr       0%         N/A       100%        4
 Petrify                  Tmut/Erth      0%         N/A       100%        4
 Metabolic Englaciation   Hex/Ice        0%         N/A       100%        5
 Statue Form              Tmut/Erth      0%         N/A       100%        6


Dungeon Overview and Level Annotations

Branches:
Dungeon (5/15)
 Temple: D:4-7

Altars:
Dithmenos

Shops:
D:1 :


Innate Abilities, Weirdness & Mutations

You have a pair of horns on your head.
You reflexively headbutt those who attack you in melee.


Message History

The water moccasin is moderately wounded.
You feel very sick. You block the water moccasin's attack.
The water moccasin closely misses you.
You hit the water moccasin.
Your headbutt misses the water moccasin.
The water moccasin is heavily wounded.
You feel very sick. You block the water moccasin's attack.
You barely miss the water moccasin.
The water moccasin is heavily wounded.
You feel very sick.
The water moccasin bites you but does no damage.
You block the water moccasin's attack.
You miss the water moccasin.
Your headbutt misses the water moccasin.
The water moccasin is heavily wounded.
You feel sick.
The water moccasin bites you but does no damage. x2
You hit the water moccasin.
Your headbutt misses the water moccasin.
The water moccasin is severely wounded.
You feel sick.
The water moccasin bites you but does no damage. x2
You closely miss the water moccasin.
The water moccasin is heavily wounded.
You feel sick. The water moccasin bites you. x2
* * * LOW HITPOINT WARNING * * *
You are lethally poisoned!
The water moccasin poisons you!
You miss the water moccasin. You headbutt the water moccasin.
The water moccasin is severely wounded.
* * * LOW HITPOINT WARNING * * *
You feel very sick. The water moccasin bites you.
* * * LOW HITPOINT WARNING * * *
You are more poisoned.
The water moccasin poisons you!
The water moccasin bites you but does no damage.
You feel very mighty all of a sudden.
You die...

#.....†.# #.
#.......# #.
##......# #.
#.......#### #.
#..........# #.
#..........# #.
#..........#
##.##..........#
#..S@.##.......#
########.......#
#.......#
#.......#
#.......#
#.......#
#########


You could see a water moccasin.

Vanquished Creatures
  A phantom (D:4)
  2 scorpions
  An orc wizard (D:3)
  9 adders
  A gnoll (D:4)
  8 dart slugs
  A worm (D:3)
  15 orcs
  9 endoplasms
  6 giant cockroaches
  9 goblins
  9 hobgoblins
  6 jackals
  3 quokkas
  3 ball pythons
  5 bats
  A frilled lizard (D:1)
  9 kobolds
  4 rats
102 creatures vanquished.

Vanquished Creatures (others)
  3 plants (D:2)
3 creatures vanquished.

Grand Total: 105 creatures vanquished

Notes
Turn   | Place    | Note
-------+----------+-------------------------------------------
     0 | D:1      | GuildmasterMusic the Minotaur Fighter began the quest for
                  | the Orb.
     0 | D:1      | Reached XP level 1. HP: 19/19 MP: 0/0
   193 | D:1      | Reached XP level 2. HP: 27/27 MP: 1/1
   507 | D:1      | Found Jihut's Vocational Training.
   978 | D:2      | Reached XP level 3. HP: 32/33 MP: 2/2
  1622 | D:3      | Reached XP level 4. HP: 40/40 MP: 3/3
  1921 | D:3      | Found a shadowy altar of Dithmenos.
  2011 | D:3      | Reached XP level 5. HP: 31/47 MP: 4/4
  2807 | D:4      | Reached skill level 5 in Axes
  2807 | D:4      | Reached XP level 6. HP: 47/53 MP: 5/5
  3087 | D:4      | Reached skill level 5 in Fighting
  3087 | D:4      | Reached skill level 5 in Armour
  3087 | D:4      | Reached skill level 5 in Shields
  3125 | D:5      | Entered Level 5 of the Dungeon
  3162 | D:5      | Noticed a water moccasin
  3178 | D:5      | Succumbed to a water moccasin's poison

Illustrated notes

Levels and vault maps discovered:
D:1:      sevenhm_arrival_forest_fort_large_2, layout_basic,
          nicolae_shop_vocational
D:2:      layout_loops_ring, serial_bayou_pond_b
D:3:      layout_basic, nicolae_dithmenos_through_a_glass_darkly
D:4:      corexii_shantytown, layout_basic, serial_bayou_pond_c,
          minmay_crystal_room
D:5:      layout_basic, mainiacjoe_overflow_paths, kennysheep_little_box,
          amcnicky_altar_gilded

Skill      XL: |  1  2  3  4  5  6 |
---------------+-------------------+-----
Axes           | 3 4 5 |  5.8
Fighting       | 4 5 |  5.1
Armour         | 4 5 |  5.2
Shields        | 4 5 |  5.2

Action                     |  1- 3 |  4- 6 || total
---------------------------+-------+-------++-------
  Melee: War axe           |    76 |   147 ||   223
         Headbutt          |    10 |    27 ||    37
    Use: Potion            |       |     1 ||     1
 Armour: Scale mail        |    36 |    30 ||    66
         Chain mail        |       |    71 ||    71
  Dodge: Dodged            |    50 |    53 ||   103
  Block: Buckler           |    13 |    41 ||    54

Table legend: (Time is in decaauts)
 A = Elapsed time spent in this place.
 B = Non-inter-level travel time spent in this place.
 C = Inter-level travel time spent in this place.
 D = Time resting spent in this place.
 E = Time spent auto-exploring this place.
 F = Levels seen in this place.
 G = Mean time per level.
                   A        B        C        D        E       F      G
               +--------+--------+--------+--------+--------+-----+--------+
         Total |   3264 |   3157 |    107 |      0 |   2397 |   5 |  652.8 |
       Dungeon |   3264 |   3157 |    107 |      0 |   2397 |   5 |  652.8 |
               +--------+--------+--------+--------+--------+-----+--------+

Top non-repeatable levels by time:
     D:1: 902 daAuts
     D:4: 868 daAuts
     D:2: 735 daAuts
     D:3: 699 daAuts
     D:5: 57 daAuts
